 Dungeon Crawl Stone Soup version 0.21-a0-396-ga924934 (webtiles) character file.

10126 tof the Protected (level 11, -9/77 HPs)
             Began as a Minotaur Monk on Oct 19, 2017.
             Was an Elder of Hepliaklqana.
             Mangled by a cyclops (23 damage)
             ... on level 11 of the Dungeon.
             The game lasted 00:35:40 (11170 turns).

tof the Protected (Minotaur Monk)                  Turns: 11170, Time: 00:35:41

Health: -9/77      AC: 20    Str: 19    XL:     11   Next: 32%
Magic:  12/12      EV: 10    Int: 13    God:    Hepliaklqana [****..]
Gold:   437        SH: 10    Dex: 19    Spells: 10/10 levels left

rFire    + . .     SeeInvis .   a - +1 long sword "Vuadd" {flame, rC++ Int+4}
rCold    + + .     Gourm    .   t - +2 buckler
rNeg     . . .     Faith    .   B - +0 plate armour
rPois    .         Spirit   .   (helmet restricted)
rElec    .         Reflect  .   F - +0 cloak (curse)
rCorr    .         Harm     .   (no gloves)
MR       +....                  A - +2 pair of boots
Stlth    ..........             (no amulet)
HPRegen  0.22/turn              d - +4 ring of dexterity
MPRegen  0.13/turn              G - ring of protection from magic

@: studying Long Blades
A: retaliatory headbutt, reduced essence, horns 2, large bone plates 1, thin
skeletal structure 1, blink, clever 1, fire resistance 1, frail 1, MP-powered
wands
a: Blink, Recall Ancestor, Ancestor Identity, Transference, Idealise, Renounce
Religion


You were on level 11 of the Dungeon.
You worshipped Hepliaklqana.
Hepliaklqana was greatly pleased with you.
You were hungry.

You visited 1 branch of the dungeon, and saw 11 of its levels.

You collected 619 gold pieces.
You spent 182 gold pieces at shops.

Inventory:

Hand Weapons
 a - the +1 long sword "Vuadd" (weapon) {flame, rC++ Int+4}
   (You found it on level 9 of the Dungeon)

   It has been specially enchanted to burn those struck by it, causing extra
   injury to most foes and up to half again as much damage against particularly
   susceptible opponents.
   Big, fiery blades are also staple armaments of hydra-hunters.
   It affects your intelligence (+4).
   It greatly protects you from cold.
 b - a +0 blowgun
 N - a +2 long sword of freezing
 S - a +2 rapier of venom
Missiles
 e - 27 poisoned needles
 k - 6 needles of sleeping
 q - 11 javelins (quivered)
 x - 6 silver javelins
 L - 3 poisoned javelins
 M - a tomahawk of dispersal
Armour
 t - a +2 buckler (worn)
 A - a +2 pair of boots (worn)
 B - a +0 plate armour (worn)
 F - a cursed +0 cloak (worn)
Jewellery
 d - a +4 ring of dexterity (left hand)
 o - an uncursed ring of protection from cold
 y - an uncursed ring of wizardry
 G - a ring of protection from magic (right hand)
 J - an uncursed ring of resist corrosion
Wands
 w - a wand of iceblast (7/15)
 C - a wand of lightning (10/15)
 Q - a wand of acid (8/15)
 W - a wand of flame (18/48)
Scrolls
 h - 4 scrolls of teleportation
 l - 2 scrolls of magic mapping
 n - 6 scrolls of remove curse
 p - 2 scrolls of enchant weapon
 D - a scroll of enchant armour
 H - a scroll of recharging
 P - 5 scrolls of fear
 V - a scroll of fog
 Y - a scroll of blinking
Potions
 j - a potion of curing
 m - a potion of cancellation
 r - 2 potions of flight {unknown}
 u - a potion of resistance {unknown}
 v - 2 potions of brilliance {unknown}
 z - 2 potions of heal wounds {unknown}
 I - 2 potions of berserk rage {unknown}
 K - a potion of might {unknown}
 X - 4 potions of degeneration {unknown}
Books
 f - a manual of Long Blades
 R - a book of Maledictions

   Spells                             Type                      Level
   a - Corona                         Hexes                        1
   b - Ensorcelled Hibernation        Hexes/Ice                    2
   c - Confuse                        Hexes                        3
   d - Tukima's Dance                 Hexes                        3
   e - Dazzling Spray                 Conjuration/Hexes            3
Comestibles
 c - 8 bread rations
 g - 2 royal jellies
 i - 7 meat rations
 T - 30 fruits


   Skills:
 + Level 9.3 Fighting
 * Level 10.0 Long Blades
 + Level 7.0 Throwing
 + Level 11.7 Armour
 + Level 8.4 Dodging
 - Level 1.5 Stealth
 + Level 2.7 Invocations


You had 10 spell levels left.
You didn't know any spells.

Dungeon Overview and Level Annotations

Branches:
Dungeon (11/15)            Temple (0/1) D:6
   Lair: D:8-11         Orc: D:9-12

Altars:
Dithmenos
Elyvilon
Fedhas
Gozag
Hepliaklqana
Kikubaaqudgha
Makhleb
Qazlal
Ru
Sif Muna
Vehumet
Xom

Shops:
D:4 *   D:5 :   D:7 (   D:11 ?


Innate Abilities, Weirdness & Mutations

You reflexively headbutt those who attack you in melee.
You have a pair of horns on your head.
Your life essence is reduced to manifest your ancestor. (-10% HP)
You are partially covered in large bone plates. (SH +4)
You have a somewhat thin skeletal structure. (Dex +2, Stealth)
You can translocate small distances at will.
Your mind is acute. (Int +2)
Your flesh is heat resistant. (rF+)
You are frail. (-10% HP)
You expend magic power (3 MP) to strengthen your wands.


Message History

You hit the cyclops. You burn the cyclops. You headbutt the cyclops!
The cyclops is moderately wounded.
The gargoyle hits you with a flail!
Popol casts a spell at the gargoyle.
The gargoyle easily resists.
The cyclops hits you!
* * * LOW HITPOINT WARNING * * *
You slash the cyclops! You burn the cyclops.
The cyclops is heavily wounded.
The gargoyle hits you with a flail!
* * * LOW HITPOINT WARNING * * *
Popol hits the gargoyle with a dagger of draining.
The cyclops misses you.
You feel better.
Popol closely misses the gargoyle.
The gargoyle closely misses you. You furiously retaliate!
You headbutt the gargoyle, but do no damage.
You slash the cyclops! You burn the cyclops. You headbutt the cyclops.
The cyclops is almost dead.
Popol hits the gargoyle but does no damage.
The cyclops hits you!!
You die...

.♣...# ♣..# .♣.# .[P#
### ...# ... ####
###.### ...###R#.#.##
###
##.##.##.##.####R##
.#.#)#.R#..#R##.@9#
.#.###..##.###..#Cy..#
........⌠......##...##
##.###.##..##### ...#
.#.# #..#..# ##...
##.# .##.##.# #.##
...# # #.# ## ## ####
#.# ...# #.


You could see the friendly Popol the hexer, a cyclops, a gargoyle and a killer
bee.

Vanquished Creatures
  A two-headed ogre (D:11)
  A shadow wraith (D:11)
  An ugly thing (D:11)
  An efreet (D:11)
  Prince Ribbit (D:8)
  3 hippogriffs
  A wyvern (D:9)
  A hungry ghost (D:11)
  Menkaure (D:5)
  Edmund (D:6)
  A black bear (D:7)
  4 ice beasts
  2 orc warriors
  2 phantoms
  5 sky beasts
  A necrophage (D:8)
  5 ogres
  A centaur (D:8)
  A crocodile (D:11)
  3 big kobolds
  8 bullfrogs
  Blork the orc (D:4)
  2 scorpions
  13 killer bees
  A vampire bat (D:5)
  3 wights (D:9)
  2 howler monkeys
  2 crimson imps
  2 centaur zombies
  2 hounds (D:9)
  A jelly (D:8)
  A bullfrog skeleton (D:11)
  2 centaur skeletons
  An orc wizard (D:6)
  4 iguanas
  Jessica (D:2)
  Terence (D:2)
  11 worker ants
  A hound zombie (D:8)
  A hound skeleton (D:10)
  A worker ant zombie (D:10)
  Robin (D:4)
  13 gnolls
  11 adders
  A shadow imp (D:8)
  2 oozes
  3 adder skeletons
  2 adder zombies
  3 worms
  2 dart slugs
  7 leopard geckos
  18 orcs
  2 ball pythons
  11 bats
  3 giant cockroaches
  10 goblins
  9 hobgoblins
  15 jackals
  12 kobolds
  7 quokkas
  10 frilled lizards
  A quokka skeleton (D:11)
  6 rats
247 creatures vanquished.

Vanquished Creatures (collateral kills)
  A hornet (D:9)
  A troll (D:11)
  Grinder (D:5)
  Eustachio (D:6)
  A steam dragon (D:9)
  An orc warrior (D:6)
  A sky beast (D:8)
  An eye of draining (D:11)
  A phantom (D:11)
  2 ogres
  A centaur (D:11)
  A gnoll sergeant (D:7)
  4 killer bees (D:8)
  A wight (D:9)
  A vampire bat (D:5)
  3 crimson imps
  A hound (D:8)
  A bullfrog skeleton (D:8)
  A worker ant (D:5)
  3 gnolls
  An adder (D:4)
  A leopard gecko (D:5)
  6 orcs
  A giant cockroach (D:4)
  A goblin (D:4)
  2 jackals (D:8)
  A kobold (D:8)
  A quokka (D:5)
  A plant (D:5)
43 creatures vanquished.

Vanquished Creatures (others)
  A hexer (D:11)
  4 plants
5 creatures vanquished.

Grand Total: 295 creatures vanquished

Notes
Turn   | Place    | Note
-------+----------+-------------------------------------------
     0 | D:1      | tof the Minotaur Monk began the quest for the Orb.
     0 | D:1      | Reached XP level 1. HP: 19/19 MP: 0/0
   130 | D:1      | Reached XP level 2. HP: 13/27 MP: 1/1
   308 | D:1      | Reached skill level 1 in Armour
  1084 | D:2      | Reached XP level 3. HP: 33/33 MP: 2/2
  1100 | D:2      | Reached skill level 2 in Armour
  1104 | D:2      | Reached skill level 1 in Throwing
  1349 | D:2      | Noticed Jessica
  1360 | D:2      | Killed Jessica
  1360 | D:2      | Reached XP level 4. HP: 37/40 MP: 3/3
  2074 | D:2      | Reached XP level 5. HP: 45/46 MP: 4/4
  2103 | D:2      | Noticed Terence
  2109 | D:2      | Killed Terence
  2109 | D:2      | Reached skill level 3 in Armour
  2412 | D:3      | Reached skill level 5 in Long Blades
  3066 | D:4      | Noticed an ogre
  3078 | D:4      | Killed an ogre
  3078 | D:4      | Reached XP level 6. HP: 4/53 MP: 5/5
  3535 | D:4      | Noticed Blork the orc
  3541 | D:4      | Killed Blork the orc
  3541 | D:4      | Reached skill level 4 in Armour
  3649 | D:4      | Found a deep blue altar of Sif Muna.
  3649 | D:4      | Found a shadowy altar of Dithmenos.
  3669 | D:4      | Found a blossoming altar of Fedhas.
  3669 | D:4      | Found a hazy altar of Hepliaklqana.
  3670 | D:4      | Found a sacrificial altar of Ru.
  3670 | D:4      | Found an ancient bone altar of Kikubaaqudgha.
  3672 | D:4      | Found a shimmering altar of Xom.
  3673 | D:4      | Found a white marble altar of Elyvilon.
  3683 | D:4      | Became a worshipper of Hepliaklqana the Forgotten
  3683 | D:4      | Reached * piety under Hepliaklqana
  3683 | D:4      | Reached ** piety under Hepliaklqana
  3684 | D:4      | Remembered your ancestor Popol as a hexer
  3700 | D:4      | Found a stormy altar of Qazlal.
  3777 | D:4      | Found Gozag's Platinum Reserve.
  3778 | D:4      | Found an opulent altar of Gozag.
  3828 | D:4      | Noticed Robin
  3840 | D:4      | Killed Robin
  4169 | D:5      | Entered Level 5 of the Dungeon
  4251 | D:5      | Reached XP level 7. HP: 54/54 MP: 6/6
  4260 | D:5      | Noticed Grinder
  4267 | D:5      | Paralysed by Grinder for 7 turns
  4292 | D:5      | Killed Grinder
  4292 | D:5      | Reached skill level 5 in Fighting
  4292 | D:5      | Reached skill level 5 in Armour
  4916 | D:5      | Reached skill level 5 in Dodging
  4916 | D:5      | Reached XP level 8. HP: 54/62 MP: 7/7
  5009 | D:5      | Reached skill level 6 in Armour
  5185 | D:5      | Noticed Prince Ribbit
  5604 | D:5      | Found Didonog's Book Shoppe.
  5866 | D:6      | Noticed Menkaure
  5866 | D:6      | Noticed Edmund
  5881 | D:5      | Killed Menkaure
  5906 | D:6      | Killed Edmund
  6127 | D:6      | Reached skill level 7 in Armour
  6227 | D:6      | Noticed Eustachio
  6238 | D:6      | Killed Eustachio
  6302 | D:6      | Reached XP level 9. HP: 36/70 MP: 8/8
  6528 | D:6      | Reached *** piety under Hepliaklqana
  6548 | D:6      | Found a staircase to the Ecumenical Temple.
  6925 | D:7      | Found a burning altar of Makhleb.
  7255 | D:7      | Reached skill level 8 in Armour
  7259 | D:7      | Gained mutation: You can translocate small distances at will. [mutagenic meat]
  7260 | D:7      | Gained mutation: You are partially covered in large bone plates. (SH +4) [mutagenic meat]
  7261 | D:7      | Gained mutation: You have a somewhat thin skeletal structure. (Dex +2, Stealth) [mutagenic meat]
  7345 | D:7      | Found Zeib's Antique Weapon Shoppe.
  7400 | D:7      | Found a radiant altar of Vehumet.
  7525 | D:7      | Reached skill level 5 in Throwing
  7982 | D:8      | Reached skill level 9 in Armour
  8419 | D:8      | Killed Prince Ribbit
  8490 | D:8      | Reached XP level 10. HP: 77/79 MP: 9/9
  8509 | D:8      | Reached skill level 10 in Armour
  9285 | D:9      | Reached **** piety under Hepliaklqana
  9490 | D:9      | Got a slimy long sword
  9495 | D:9      | Reached skill level 1 in Invocations
  9499 | D:9      | Identified the +1 long sword "Vuadd" {flame, rC++ Int+4} (You found it on level 9 of the Dungeon)
  9596 | D:9      | Reached skill level 11 in Armour
  9738 | D:9      | Gained mutation: Your mind is acute. (Int +2) [mutagenic meat]
  9739 | D:9      | Gained mutation: You are frail. (-10% HP) [mutagenic meat]
  9740 | D:9      | Gained mutation: You are very frail. (-20% HP) [mutagenic meat]
  9741 | D:9      | Gained mutation: You expend magic power (3 MP) to strengthen your wands. [mutagenic meat]
  9742 | D:9      | Lost mutation: You are very frail. (-20% HP) [mutagenic meat]
  9743 | D:9      | Gained mutation: Your flesh is heat resistant. (rF+) [mutagenic meat]
  9821 | D:10     | Entered Level 10 of the Dungeon
 10373 | D:11     | Noticed a green ugly thing
 10383 | D:11     | Killed a green ugly thing
 10411 | D:11     | Noticed a two-headed ogre
 10429 | D:11     | Killed a two-headed ogre
 10429 | D:11     | Reached XP level 11. HP: 61/77 MP: 11/11
 10572 | D:11     | Found Yxtegocs's Magic Scroll Boutique.
 10577 | D:11     | Bought a scroll of blinking for 105 gold pieces
 10577 | D:11     | Bought a scroll of immolation for 49 gold pieces
 10577 | D:11     | Bought a scroll of identify for 28 gold pieces
 10754 | D:11     | Killed a shadow wraith
 11122 | D:11     | Got a translucent lapis lazuli ring
 11124 | D:11     | Identified the ring of Pigusadgh {*Tele rF+ Str+5 Int-4} (You found it on level 11 of the Dungeon)
 11157 | D:11     | Reached skill level 10 in Long Blades
 11168 | D:11     | HP: 3/77 [gargoyle/flail (8)]
 11170 | D:11     | Mangled by a cyclops

Vault maps used:
D:1:      dpeg_arrival_three_same_balls, minmay_misc_feat_ornament
D:2:      kennysheep_big_flooded_room, uniq_terence, uniq_jessica
D:3:      minmay_door_path, first_bread
D:4:      nicolae_qazlal_general_emergency, grunt_temple_overflow_open,
          gammafunk_temple_overflow_wave, mrwooster_statue_mirror,
          minmay_misc_feat_room, nicolae_gozag_zags_fifth_avenue,
          uniq_blork_the_orc, uniq_robin
D:5:      serial_shops, shop_statue, serial_bayou, serial_bayou_shore_b,
          serial_bayou_shore_a, serial_bayou_lake_a, serial_bayou_shore_b,
          serial_bayou_shore_b, serial_bayou_pond_d, kennysheep_nondescript,
          zaba_anthole, grunt_decor_arrowhead, roderic_batcave,
          uniq_prince_ribbit1, uniq_grinder
D:6:      minmay_temple_entry_grid, uniq_menkaure, uniq_eustachio, uniq_edmund
D:7:      fiery_altar_vehumet, serial_shops, shop, basic_altar
D:10:     blue_anna_alchemist
D:11:     minmay_the_grid_3x3, serial_shops, shop, lightli_orcish_oven

Skill      XL: |  1  2  3  4  5  6  7  8  9 10 11 |
---------------+----------------------------------+-----
Armour         | 1 2 3 4 5 7 9 11 | 11.7
Long Blades    | 4 5 6 8 9 10 | 10.0
Fighting       | 4 5 6 7 9 |  9.3
Throwing       | 1 2 3 4 5 6 7 |  7.0
Dodging        | 4 5 7 8 |  8.4
Invocations    | 2 |  2.7
Stealth        | |  1.5

Action                   |  1- 3 |  4- 6 |  7- 9 | 10-12 || total
-------------------------+-------+-------+-------+-------++-------
Melee: Falchion          |    54 |   130 |   187 |       ||   371
       Headbutt          |     9 |    36 |    94 |    78 ||   217
       Rapier            |       |       |   166 |    73 ||   239
       Long sword        |       |       |       |   194 ||   194
Throw: Javelin           |       |     4 |       |     2 ||     6
       Tomahawk          |       |       |       |     1 ||     1
Invok: Ancestor Life: He |       |     1 |       |       ||     1
       Ancestor Identity |       |     1 |       |       ||     1
  Use: Scroll            |       |       |     9 |     4 ||    13
       Potion            |       |       |       |     1 ||     1
 Stab: Sleeping          |     1 |       |       |       ||     1
       Confused          |       |       |     9 |     4 ||    13
       Distracted        |       |       |     4 |     5 ||     9
  Eat: Chunk             |     1 |     9 |    19 |    12 ||    41
       Bread ration      |       |       |       |     1 ||     1
Armor: Robe              |     1 |       |       |       ||     1
       Scale mail        |     4 |    50 |       |       ||    54
       Plate armour      |       |     7 |   141 |   155 ||   303
Dodge: Dodged            |    37 |    68 |   100 |   119 ||   324
Block: Buckler           |       |    25 |   118 |   151 ||   294
       Rpst.: Falchion   |     6 |    18 |    14 |       ||    38
       Long sword        |       |       |       |    17 ||    17

Table legend:
 A = Spawn XP
 B = Non-spawn XP
 C = Spawn XP percentage of total XP
 D = Spawn monster count
 E = Non-spawn monster count
 F = Spawn count percentage of total count
 G = Total turns spent on level
                    A         B        C        D         E        F      G
               +---------+---------+-------+---------+---------+-------+---------
         Total |       0 |   14467 |   0.0 |       0 |     289 |   0.0 | 11170
               +---------+---------+-------+---------+---------+-------+---------
           D:1 |       0 |      34 |   0.0 |       0 |      16 |   0.0 |  1071
           D:2 |       0 |     207 |   0.0 |       0 |      27 |   0.0 |  1218
           D:3 |       0 |      44 |   0.0 |       0 |      16 |   0.0 |   771
           D:4 |       0 |     431 |   0.0 |       0 |      25 |   0.0 |  1109
           D:5 |       0 |    1449 |   0.0 |       0 |      39 |   0.0 |  1710
           D:6 |       0 |     805 |   0.0 |       0 |      23 |   0.0 |  1016
           D:7 |       0 |    1118 |   0.0 |       0 |      20 |   0.0 |  1003
           D:8 |       0 |    3003 |   0.0 |       0 |      56 |   0.0 |  1237
           D:9 |       0 |    2023 |   0.0 |       0 |      31 |   0.0 |   702
          D:10 |       0 |     292 |   0.0 |       0 |       5 |   0.0 |   493
          D:11 |       0 |    5061 |   0.0 |       0 |      31 |   0.0 |   840
               +---------+---------+-------+---------+---------+-------+---------
